 Dungeon Crawl Stone Soup version 0.29.0-11-gd7f09526c8 (webtiles) character file.

Game seed: 9777551800722951570

109 doricub5 the Slasher (level 4, 0/40 (41) HPs)
             Began as a Minotaur Berserker on Sept 3, 2022.
             Was a Follower of Trog.
             Constricted to death by Crazy Yiuf (4 damage)
             ... on level 2 of the Dungeon.
             The game lasted 00:03:22 (2069 turns).

doricub5 the Slasher (Minotaur Berserker)           Turns: 2069, Time: 00:03:22

HP:   0/40 (41)     AC:  2    Str: 24    XL:     4   Next: 59%
MP:   0/3           EV:  9    Int:  4    God:    Trog [*.....]
Gold: 80            SH:  0    Dex:  9    Spells: 3/3 levels left

rFire   . . .      SeeInvis .   a - +0 falchion
rCold   . . .      Faith    .   (no shield)
rNeg    . . .      Spirit   .   b - +0 animal skin
rPois   .          Reflect  .   (helmet restricted)
rElec   .          Harm     .   (no cloak)
rCorr   .          Rampage  .   (no gloves)
Will    +....                   (no boots)
Stlth   +.........              (no amulet)
HPRegen 0.13/turn               g - ring of willpower
MPRegen 0.08/turn               (no ring)

@: grasped by roots, constricted, lightly drained
A: horns 2, retaliatory headbutt
a: Renounce Religion, Berserk


You were on level 2 of the Dungeon.
You worshipped Trog.
Trog was aware of your devotion.
You visited 1 branch of the dungeon, and saw 2 of its levels.

You collected 80 gold pieces.

Inventory:

Hand Weapons
 a - a +0 falchion (weapon)
Armour
 b - a +0 animal skin (worn)
Jewellery
 g - a ring of willpower (left hand)
Scrolls
 c - 3 scrolls of immolation {unknown}
 d - a scroll of enchant weapon {unknown}
 f - 2 scrolls of identify {unknown}
 i - a scroll of silence {unknown}
 l - 2 scrolls of poison {unknown}
 m - 2 scrolls of magic mapping {unknown}
Potions
 e - a potion of flight {unknown}
 h - a potion of berserk rage {unknown}
 j - 2 potions of curing {unknown}
 k - a potion of mutation {unknown}
 n - a potion of attraction {unknown}


   Skills:
 + Level 4.5 Fighting
 + Level 4.5 Long Blades
 + Level 3.6 Armour
 + Level 3.2 Dodging


You had 3 spell levels left.
You didn't know any spells.
Your spell library was empty.

Dungeon Overview and Level Annotations

Branches:
Dungeon (2/15)

Altars:
Qazlal

Shops:
D:2 (

Annotations:
D:2 Crazy Yiuf


Innate Abilities, Weirdness & Mutations

You have a pair of horns on your head.
You reflexively headbutt those who attack you in melee.


Message History

Key pressed, stopping explore.
n - a black potion No target in view!
A frilled lizard comes into view.
The frilled lizard hisses angrily.
The frilled lizard barely misses you. You furiously retaliate!
You headbutt the frilled lizard!
You kill the frilled lizard!
Trog accepts your kill.
No target in view!
No target in view!
Found a ring mail.
Found a ring mail.
You see here a +0 dagger.
Crazy Yiuf twirls on the spot.
You open the door.
Crazy Yiuf screams, "Goldfish stair foot!"
You hit Crazy Yiuf.
Crazy Yiuf is moderately wounded.
Crazy Yiuf hits you with a +3 quarterstaff of chaos!
You feel your power leaking away.
You hit Crazy Yiuf. Your headbutt misses Crazy Yiuf.
Crazy Yiuf is moderately wounded.
Crazy Yiuf hits you with a +3 quarterstaff of chaos!
Crazy Yiuf burns you.
You closely miss Crazy Yiuf. You headbutt Crazy Yiuf!
Crazy Yiuf is almost dead.
Crazy Yiuf zaps a wand.
The roots erupt in riotous growth!
The grasping roots grab you!
Crazy Yiuf is unaffected.
The grasping roots constrict you.
* * * LOW HITPOINT WARNING * * *
You hit Crazy Yiuf.
Crazy Yiuf is almost dead.
Crazy Yiuf yells, "Cod cloud illywillydillykilly!"
Crazy Yiuf hits you with a +3 quarterstaff of chaos.
* * * LOW HITPOINT WARNING * * *
You feel drained.
* * * LOW HITPOINT WARNING * * *
The grasping roots constrict you.
You die...

###.#.####............##.....)...
##.........###########...........
##.##.####.# ######.###.. ##.##.#
### ##### #.####.# #.. ......#
#)..# #......# #.. ##.#### #...#
######## #.) #.# #### ... #.. #.#
#>.# #g# #.. #.######.## ♣@♣♣
##.. #........# ♣♣.♣ ####### #...
########## ♣.♣♣ #.....# #... ♣♣.♣
#.###.###... ♣♣.♣♣ #.###.......
♣♣PP.♣ #.##⌠.⌠.#... ♣PPP.♣
#....∩..##.. ##..## ###.⌠.⌠###..
#....# #...## #..


You could see Crazy Yiuf.

Vanquished Creatures
  A necrophage (D:2)
  2 gnolls (D:1)
  A worm (D:2)
  An endoplasm (D:2)
  4 goblins
  4 hobgoblins
  3 jackals (D:1)
  2 quokkas (D:2)
  2 bats (D:1)
  A frilled lizard (D:2)
  A rat (D:1)
22 creatures vanquished.

Notes
Turn   | Place    | Note
-------+----------+-------------------------------------------
     0 | D:1      | doricub5 the Minotaur Berserker began the quest for the
                  | Orb.
     0 | D:1      | Reached XP level 1. HP: 19/19 MP: 0/0
   123 | D:1      | Reached XP level 2. HP: 18/27 MP: 1/1
   665 | D:1      | Found a faded altar of an unknown god.
   785 | D:1      | Reached XP level 3. HP: 17/33 MP: 2/2
  1269 | D:2      | Found a runed translucent door.
  1270 | D:2      | Noticed Crazy Yiuf
  1317 | D:2      | Found Jagup's Weapon Shop.
  1588 | D:2      | Found a stormy altar of Qazlal.
  1727 | D:2      | Noticed a necrophage
  1737 | D:2      | Killed a necrophage
  1738 | D:2      | Reached XP level 4. HP: 29/41 MP: 3/3
  2069 | D:2      | Constricted to death by Crazy Yiuf

Illustrated notes

Levels and vault maps discovered:
D:1:      lightli_arrival_quake, layout_loops_ring,
          ebering_ecumenical_altar_mist
D:2:      layout_loops_cross, basic_altar, serial_shops, shop_fountains,
          chequers_mini_garden, dreamdust_mushroom_princess, kennysheep_doodads,
          uniq_crazy_yiuf_cottage

Skill      XL: |  1  2  3 |
---------------+----------+-----
Fighting       | 4 |  4.5
Long Blades    | 4 |  4.5
Armour         | 3 |  3.6
Dodging        | 3 |  3.2

Action                   |  1- 3 |  4- 6 || total
-------------------------+-------+-------++-------
Melee: Falchion          |    69 |     4 ||    73
       Headbutt          |     8 |     1 ||     9
       Punch             |     1 |       ||     1
Invok: Berserk           |     1 |       ||     1
 Stab: Sleeping          |     1 |       ||     1
Armor: Animal skin       |     9 |       ||     9
Dodge: Dodged            |    41 |     1 ||    42
